 Dungeon Crawl Stone Soup version 0.25.0-11-g1f837a76a1 (webtiles) character file.

Game seed: 7545300826786692758

52 Kold the Insei (level 3, -2/23 HPs)
             Began as an Octopode Transmuter on June 24, 2020.
             Slain by a gnoll
             ... wielding a +0 halberd
              (9 damage)
             ... on level 2 of the Dungeon.
             The game lasted 00:01:18 (1169 turns).

Kold the Insei (Octopode Transmuter)                Turns: 1169, Time: 00:01:19

Health: -2/23      AC:  1    Str:  9    XL:     3   Next: 85%
Magic:  6/6        EV: 13    Int: 16    God:
Gold:   94         SH:  0    Dex: 12    Spells: 5/6 levels left

rFire    . . .     SeeInvis .     - Unarmed
rCold    . . .     Gourm    .   (no shield)
rNeg     . . .     Faith    .   (helmet restricted)
rPois    .         Spirit   .   (no amulet)
rElec    .         Reflect  .   (no ring)
rCorr    .         Harm     .   (no ring)
MR       .....                  (no ring)
Stlth    +++.......             (no ring)
HPRegen  0.07/turn              (no ring)
MPRegen  0.10/turn              (no ring)
                                (no ring)
                                (no ring)

@: no status effects
A: almost no armour, stealthy swim, amphibious, 8 rings, constrict 8, camouflage
1, gelatinous body 1
a: no special abilities


You were on level 2 of the Dungeon.
You were not hungry.

You visited 1 branch of the dungeon, and saw 2 of its levels.

You collected 94 gold pieces.

Inventory:

Missiles
 a - 30 arrows
Scrolls
 e - a scroll of remove curse {unknown}
 g - a scroll of noise {unknown}
 i - 2 scrolls of identify {unknown}
Potions
 b - a potion of cancellation {unknown}
 d - a potion of stabbing {unknown}
 f - a potion of heal wounds {unknown}
Comestibles
 c - 2 rations


   Skills:
 - Level 1.0 Fighting
 - Level 2.1 Dodging
 - Level 2.0 Stealth
 + Level 3.7 Unarmed Combat
 - Level 2.1 Spellcasting
 + Level 2.7 Transmutations


You had 5 spell levels left.
You knew the following spells:

 Your Spells              Type           Power        Failure   Level  Hunger
a - Beastly Appendage     Tmut           ##....       7%          1    #......

Your spell library contained the following spells:

 Spells                   Type           Power        Failure   Level  Hunger
 Sticks to Snakes         Tmut           ##......     10%         2    ###....
 Spider Form              Tmut/Pois      #.........   34%         3    ###....
 Ice Form                 Ice/Tmut       #.......     75%         4    #####..
 Blade Hands              Tmut           ##........   88%         5    ######.


Dungeon Overview and Level Annotations

Branches:
Dungeon (2/15)

Altars:


Innate Abilities, Weirdness & Mutations

You cannot wear most types of armour.
You are very stealthy in the water. (Stealth+)
You are amphibious.
You can wear up to eight rings at the same time.
You can use your tentacles to constrict eight enemies at once.
Your skin changes colour to match your surroundings (Stealth+).
Your rubbery body absorbs attacks. (AC +1, EV +1)


Message History

The rat is severely wounded.
The rat closely misses you. x2
You tentacle-slap the rat but do no damage.
Your grab misses the rat.
The rat is moderately wounded.
The rat bites you but does no damage. The rat closely misses you.
You tentacle-slap the rat.
You kill the rat!
The gnoll closely misses you. The rat bites you.
You tentacle-slap the rat.
You kill the rat!
The gnoll hits you from afar with a +0 halberd!
A gnoll comes into view. It is wielding a +0 whip.
The gnoll closely misses you.
A gnoll comes into view.
You tentacle-slap the gnoll. You grab the gnoll.
The gnoll is heavily wounded.
You constrict the gnoll, but do no damage.
The gnoll hits you with a +0 halberd!
You die...

#........ ..
#........ #.####
#........ #....#
#........
##....#######........
#......<..(..########
#............#
.###............#
......g@?.......#
.g........#######
..........#
.g........#
...#......# #.
#......# # #......#
........


You could see 3 gnolls.

Vanquished Creatures
  An adder (D:2)
  2 oozes (D:1)
  2 dart slugs (D:1)
  A giant cockroach (D:1)
  5 goblins
  3 hobgoblins (D:1)
  4 jackals (D:1)
  A kobold (D:1)
  2 bats (D:1)
  3 frilled lizards (D:1)
  6 rats
30 creatures vanquished.

Notes
Turn   | Place    | Note
-------+----------+-------------------------------------------
     0 | D:1      | Kold the Octopode Transmuter began the quest for the Orb.
     0 | D:1      | Reached XP level 1. HP: 13/13 MP: 3/3
    27 | D:1      | Reached XP level 2. HP: 8/18 MP: 3/5
   501 | D:1      | Reached skill level 1 in Stealth
   534 | D:1      | Reached XP level 3. HP: 20/23 MP: 4/6
  1169 | D:2      | Slain by a gnoll

Illustrated notes

Levels and vault maps discovered:
D:1:      heliophobic_arrival_battle_scene, layout_rooms, grunt_decor_one_mirror
D:2:      layout_basic, amethyst_overflow_temple_binary, lemuel_crystal_altar,
          chequers_ecumenical_altar_simple_redux, first_ration

Skill      XL: |  1  2  3 |
---------------+----------+-----
Stealth        | 1 2 |  2.0
Fighting       | |  1.0
Dodging        | |  2.1
Unarmed Combat | |  3.7
Spellcasting   | |  2.1
Transmutations | |  2.7

Action                   || total
-------------------------++-------
Melee: Unarmed           ||    71
       Constrict         ||    20
       Tentacles         ||    13
       Kick              ||     6
       Punch             ||     2
 Cast: Beastly Appendage ||     3
 Stab: Sleeping          ||     3
  Eat: Chunk             ||     1
Armor: Skin              ||    11
Dodge: Dodged            ||    48
